AoeStats
← PTCG_Twippo

Nomad

509735341Analyzed
2v2 RM · 3d ago on Sep 27, 2026· 43m 34s· 4 players
Game mode
Random Map
Map size
176×176
Population
200
Speed
Normal
Resources
Standard
Victory
Conquest
Starting age
Dark Age
Ending age
Imperial Age
RankedLock teamsTeams togetherTeam positionsShared explorationLock speedFull tech treeHidden civsTurbo modeCheats
Victory
Defeat
🇺🇸 Vietnamese · United States
1165
+13
🇺🇸 Hindustanis · United States
1076
+16
🇺🇸 Byzantines · United States
1125
-16
🇺🇸 Japanese · United States
1060
-13
XxX_ins1dious_XxX
4:46 Loom
17:35 Feudal Age
18:51 Double-Bit Axe
19:28 Bloodlines
19:10 Fishing Lines
22:47 Castle Age
21:30 Gold Mining
21:31 Town Watch
22:23 Wheelbarrow
21:54 Man-at-Arms
23:02 Light Cavalry
23:59 Medium Warships
25:29 Gillnets
26:23 Pikeman
27:12 Stone Mining
29:54 Husbandry
29:57 Squires
34:52 Bow Saw
37:05 Scale Barding Armor
41:43 Gold Shaft Mining
42:00 Hand Cart
PTCG_Twippo
15:03 Feudal Age
22:34 Horse Collar
29:03 Castle Age
29:19 Castle Age
27:37 Double-Bit Axe
29:38 Padded Archer Armor
29:54 Elite Skirmisher
30:51 Leather Archer Armor
30:27 Fletching
30:07 Pikeman
32:10 Bodkin Arrow
33:09 Scale Mail Armor
36:36 Forging
tthede123
5:08 Loom
12:59 Feudal Age
18:14 Double-Bit Axe
23:28 Castle Age
22:16 Horse Collar
22:33 Gold Mining
22:45 Fletching
24:02 Padded Archer Armor
24:04 Bodkin Arrow
23:48 Crossbowman
25:33 Bow Saw
30:07 Leather Archer Armor
36:53 Imperial Age
37:58 Bracer
37:24 Arbalester
TWC.Sparky
8:54 Loom
11:24 Feudal Age
12:43 Double-Bit Axe
19:48 Wheelbarrow
22:58 Castle Age
23:44 Scale Barding Armor
23:50 Forging
24:44 Hand Cart
25:44 Bow Saw
26:34 Iron Casting
26:46 Bloodlines
27:21 Horse Collar
28:55 Chain Barding Armor
32:24 Husbandry
36:25 Imperial Age
34:16 Town Watch
37:39 Imperial Age
37:10 Scale Mail Armor
40:35 Plate Barding Armor
41:00 Blast Furnace
39:22 Heavy Camel Rider
Connection lost

Rejoining the realm…

Still unreachable

The connection could not be restored.

Session expired

The server has moved on; the page needs a fresh start.